 Dungeon Crawl Stone Soup version 0.26.0-41-g79a4fc7684 (webtiles) character file.

Game seed: 14656339517698298204

6534 hawla the Thaumaturge (level 10, -1/78 HPs)
             Began as a White Draconian Conjurer on Jan 26, 2021.
             Was an Initiate of Gozag.
             Slain by Snorg (17 damage)
             ... on level 10 of the Dungeon.
             The game lasted 00:28:08 (11356 turns).

hawla the Thaumaturge (White Draconian Conjurer)   Turns: 11356, Time: 00:28:09

Health: -1/78      AC: 10    Str: 10    XL:     10   Next: 69%
Magic:  6/25       EV: 13    Int: 21    God:    Gozag
Gold:   690        SH:  4    Dex: 10    Spells: 24/31 levels left

rFire    . . .     SeeInvis .   j - +4 whip (distort)
rCold    + . .     Faith    .   c - +0 buckler "Doifafint" {Rampage rElec}
rNeg     . . .     Spirit   .   (armour unavailable)
rPois    .         Reflect  .   (helmet restricted)
rElec    +         Harm     .   A - +1 cloak
rCorr    .         Rampage  +   (no gloves)
Will     .....                  E - +0 pair of boots
Stlth    ++........             (no amulet)
HPRegen  0.23/turn              e - +4 ring of slaying
MPRegen  0.19/turn              G - ring of wizardry

@: no status effects
A: breathe frost, unfitting armour, cold resistance 1, cold-blooded, AC +7
a: Breathe Frost, Renounce Religion, Potion Petition, Call Merchant, Bribe
Branch


You were on level 10 of the Dungeon.
You worshipped Gozag.
Gozag was pleased with you.
You visited 2 branches of the dungeon, and saw 11 of its levels.

You collected 1601 gold pieces.
You spent 420 gold pieces at shops.
You paid 491 gold pieces to Gozag.

Inventory:

Hand Weapons
 j - a +4 whip of distortion (weapon)
 z - a +4 quarterstaff of chaos
Missiles
 h - 9 atropa-tipped darts
 i - 4 boomerangs (quivered)
 u - 25 poisoned darts
 B - a throwing net
Armour
 c - the +0 buckler "Doifafint" (worn) {Rampage rElec}
   (You acquired it on level 9 of the Dungeon)

   It insulates you from electricity.
   It bestows one free step when moving towards enemies.
 y - a scarf of invisibility
 A - a +1 cloak (worn)
 E - a +0 pair of boots (worn)
Magical Staves
 L - an uncursed staff of poison
Jewellery
 e - a +4 ring of slaying (left hand)
 G - a ring of wizardry (right hand)
 I - an uncursed ring of positive energy
Wands
 p - a wand of digging (5)
 q - a wand of flame (27)
 x - a wand of disintegration (12)
 C - a wand of iceblast (9)
 D - a wand of random effects (17)
 F - a wand of paralysis (8)
Scrolls
 b - 6 scrolls of teleportation
 g - 3 scrolls of amnesia
 l - 13 scrolls of remove curse
 m - a scroll of magic mapping
 o - a scroll of blinking
 s - 2 scrolls of enchant weapon
Potions
 a - 4 potions of curing
 d - 4 potions of mutation {unknown}
 f - a potion of might
 k - 2 potions of brilliance {unknown}
 n - 2 potions of resistance {unknown}
 r - a potion of heal wounds
 t - a potion of flight
 v - 2 potions of attraction {unknown}
 J - a potion of lignification
Miscellaneous
 H - a phantom mirror
 K - a tin of tremorstones (2/2)


   Skills:
 - Level 4.0 Fighting
 - Level 3.5 Dodging
 - Level 3.8 Stealth
 - Level 4.0 Shields
 + Level 11.1 Spellcasting
 - Level 8.0 Conjurations
 - Level 4.0 Translocations
 - Level 1.0 Evocations


You had 24 spell levels left.
You knew the following spells:

 Your Spells              Type           Power        Failure   Level
a - Magic Dart            Conj           100%         1%          1
b - Searing Ray           Conj           90%          1%          2
c - Iskenderun's Mystic   Conj/Tloc      36%          1%          4

Your spell library contained the following spells:

 Spells                   Type           Power        Failure   Level
 Dazzling Flash           Conj/Hex       56%          1%          3
 Fulminant Prism          Conj/Hex       14%          4%          4


Dungeon Overview and Level Annotations

Branches:
Dungeon (10/15)            Temple (1/1) D:4            Lair (0/6) D:9
    Orc: D:9-12

Altars:
Ashenzari
Cheibriados
Dithmenos
Elyvilon
Fedhas
Gozag
Hepliaklqana
Kikubaaqudgha
Makhleb
Nemelex Xobeh
Okawaru
Qazlal
Ru
Sif Muna
Trog
Uskayaw
Vehumet
Wu Jian
Xom
Yredelemnul
Zin
The Shining One

Shops:
D:8 }=   D:9 *

Annotations:
D:10 Snorg


Innate Abilities, Weirdness & Mutations

You can breathe waves of freezing cold.
You can buffet flying creatures when you breathe cold.
Your icy white scales are hard. (AC +7)
You cannot fit into any form of body armour.
Your flesh is cold resistant. (rC+)
You are cold-blooded and may be slowed by cold attacks.


Message History

You erupt in a blast of force!
The mystic blast hits Snorg!!
Snorg is moderately wounded.
Snorg is knocked back by the mystic blast.
Casting: Iskenderun's Mystic Blast (dangerous; 1% risk of failure)
Confirm with . or Enter, or press ? or * to list all spells.
Aiming: Searing Ray (safe; 1% risk of failure)
Press: ? - help, Shift-Dir - straight line, f/p - Snorg
Aim: Snorg (moderately wounded, berserk, 18% to evade)
The searing ray hits Snorg!
Snorg is heavily wounded. (Press . to maintain the ray.)
The searing ray hits Snorg!
Snorg is heavily wounded.
Snorg bites you!!
* * * LOW HITPOINT WARNING * * *
Snorg claws you.
* * * LOW HITPOINT WARNING * * *
Snorg barely misses you. Snorg bites you!
You die...
Your body crumbles into a pile of gold.

#.##.####.#.##....
#.##........##..#.
#.#######.#..#...# #.#
#.#.#...## #.#
#.#.##..#
#####.#######>......#
#.................)##
....###.#########.####
.# #@# #....# #T#
#.#### #.# #.# #.# #.#
#.# #.# #.# #.# #.#
#.# .?# #.# $ #.#


You could see Snorg (berserk).

Vanquished Creatures
  Erolcha (D:9)
  A hornet (D:9)
  2 wyverns
  2 wraiths (D:9)
  4 yaks (D:10)
  A water moccasin (D:4)
  A black bear (D:9)
  An ice beast (D:6)
  A phantom (D:6)
  An orc warrior (D:7)
  2 necrophages
  4 sky beasts
  7 ogres
  5 centaurs
  An elf zombie (D:9)
  6 bullfrogs
  A wyvern zombie (D:7)
  An elf skeleton (D:9)
  A troll zombie (D:9)
  4 scorpions
  2 howler monkeys (D:9)
  7 wights
  4 hounds
  2 centaur zombies
  2 bullfrog skeletons
  2 jellies
  6 orc wizards
  4 human zombies (D:9)
  3 orc priests
  Crazy Yiuf (D:5)
  A centaur skeleton (D:4)
  An iguana (D:8)
  3 worker ants
  Ijyb (D:4)
  A statue (D:8)
  A hound skeleton (D:4)
  A worker ant zombie (D:5)
  A howler monkey zombie (D:7)
  7 gnolls
  14 adders
  4 shadow imps
  2 white imps (D:6)
  An ufetubus (D:7)
  An adder skeleton (D:5)
  2 adder zombies
  2 dart slugs
  22 orcs
  5 ball pythons
  2 giant cockroaches
  4 hobgoblins
  6 jackals
  3 kobolds (D:1)
  4 quokkas
  9 bats
  7 frilled lizards
  9 goblins
  A jackal zombie (D:5)
  2 quokka skeletons
  A quokka zombie (D:5)
  9 rats
207 creatures vanquished.

Notes
Turn   | Place    | Note
-------+----------+-------------------------------------------
     0 | D:1      | hawla the Draconian Conjurer began the quest for the Orb.
     0 | D:1      | Reached XP level 1. HP: 14/14 MP: 3/3
   292 | D:1      | Reached skill level 1 in Fighting
   292 | D:1      | Reached XP level 2. HP: 23/23 MP: 3/5
   459 | D:1      | Learned a level 2 spell: Searing Ray
  1483 | D:2      | Reached XP level 3. HP: 22/29 MP: 0/6
  1525 | D:2      | Reached XP level 4. HP: 20/37 MP: 1/7
  1961 | D:2      | Found a sparkling altar of Nemelex Xobeh.
  1964 | D:2      | Found a stormy altar of Qazlal.
  1966 | D:2      | Found a basalt altar of Yredelemnul.
  1986 | D:2      | Found a glowing silver altar of Zin.
  1989 | D:2      | Found a glowing golden altar of the Shining One.
  2342 | D:2      | Reached XP level 5. HP: 45/45 MP: 3/9
  2347 | D:2      | Learned a level 4 spell: Iskenderun's Mystic Blast
  3253 | D:4      | Found a staircase to the Ecumenical Temple.
  3281 | Temple   | Entered the Ecumenical Temple
  3446 | Temple   | Became a worshipper of Gozag Ym Sagoz the Greedy
  3515 | D:4      | Noticed Ijyb
  3519 | D:4      | Paralysed by Ijyb for 4 turns
  3531 | D:4      | Killed Ijyb
  3532 | D:4      | Reached skill level 3 in Spellcasting
  3706 | D:4      | Reached skill level 1 in Translocations
  3706 | D:4      | Reached XP level 6. HP: 52/52 MP: 0/10
  4018 | D:4      | Found a bloodstained altar of Trog.
  4019 | D:4      | Found a burning altar of Makhleb.
  4148 | D:5      | Entered Level 5 of the Dungeon
  4214 | D:5      | Your scales start taking on an icy white colour.
  4214 | D:5      | Reached XP level 7. HP: 30/59 MP: 0/12
  4214 | D:5      | Gained mutation: Your flesh is cold resistant. (rC+) [White
                  | Draconian growth]
  4976 | D:5      | Reached skill level 5 in Conjurations
  5290 | D:5      | Found a runed translucent door.
  5291 | D:5      | Noticed Crazy Yiuf
  5299 | D:5      | Killed Crazy Yiuf
  5529 | D:6      | Reached skill level 1 in Evocations
  5532 | D:6      | Reached skill level 1 in Shields
  5534 | D:6      | Reached skill level 4 in Spellcasting
  5637 | D:6      | Reached XP level 8. HP: 61/66 MP: 1/14
  5883 | D:6      | Found a hazy altar of Hepliaklqana.
  5883 | D:6      | Found a snail-covered altar of Cheibriados.
  6755 | D:7      | Reached skill level 5 in Spellcasting
  7200 | D:7      | Reached XP level 9. HP: 71/71 MP: 17/17
  7608 | D:8      | Reached skill level 6 in Spellcasting
  7950 | D:8      | Reached skill level 7 in Spellcasting
  8697 | D:8      | Reached skill level 8 in Spellcasting
  8884 | D:8      | Found a radiant altar of Vehumet.
  8958 | D:8      | Found Patokk's Jewellery Shoppe.
  8976 | D:8      | Bought an uncursed ring of wizardry for 420 gold pieces
  9075 | D:9      | Identified a scroll of acquirement
  9075 | D:9      | Acquired the +0 buckler "Doifafint" {Rampage rElec}
  9178 | D:9      | Found a staircase to the Lair.
  9299 | D:9      | Reached XP level 10. HP: 78/78 MP: 12/22
  9470 | D:9      | Noticed Erolcha
  9482 | D:9      | Killed Erolcha
  9483 | D:9      | Reached skill level 9 in Spellcasting
  9684 | D:9      | Reached skill level 10 in Spellcasting
  9747 | D:9      | Found Suwy's General Store.
 10622 | D:9      | Found an ancient bone altar of Kikubaaqudgha.
 10838 | D:10     | Entered Level 10 of the Dungeon
 10946 | D:10     | Reached skill level 11 in Spellcasting
 11347 | D:10     | Noticed Snorg
 11356 | D:10     | Slain by Snorg

Illustrated notes

Levels and vault maps discovered:
D:1:      amcnicky_arrival_abandoned_market, layout_basic, minmay_hexomino_f4
D:2:      layout_rooms, grunt_temple_overflow_open, minmay_snake_closets
D:3:      layout_basic
D:4:      layout_cave_pools, gammafunk_temple_overflow_pools,
          minmay_temple_entry_wispy, uniq_ijyb
D:5:      layout_rooms, hangedman_decor_lopped, minmay_misc_feat_roman,
          uniq_crazy_yiuf_cottage
D:6:      layout_gridville, chequers_temple_overflow_statue_of_worship
D:7:      layout_basic
D:8:      layout_loops_ring, vehumet_statue, serial_shops,
          kennysheep_little_box, chequers_mini_garden, st_stairs_10
D:9:      layout_irregular_city, lair_entry_dummy, serial_co_window_serial,
          co_window_paths_a, co_window_paths_b, co_window_of_opportunity_a,
          co_window_corner_a, co_window_of_opportunity_a,
          co_window_of_opportunity_b, co_window_2corner,
          co_window_unsneaky_path_c, co_window_2corner, co_window_corner_b,
          co_window_corner_cb, co_window_unsneaky_path_c, glass_columns_b,
          glass_columns_c, glass_columns_b, serial_shops, kennysheep_mini,
          lemuel_mausoleum_altar_kikubaaqudgha, uniq_erolcha
D:10:     layout_loops_ring, chequers_guarded_unrand_ignorance, uniq_snorg
Temple:   nicolae_temple_x_marks_the_god

Skill      XL: |  1  2  3  4  5  6  7  8  9 10 |
---------------+-------------------------------+-----
Fighting       | 1 2 3 4 |  4.0
Stealth        | 2 3 |  3.8
Dodging        | 2 3 |  3.5
Spellcasting   | 3 4 5 8 11 | 11.1
Translocations | 1 2 3 4 |  4.0
Conjurations   | 5 6 8 |  8.0
Evocations     | 1 |  1.0
Shields        | 1 4 |  4.0

Action                   |  1- 3 |  4- 6 |  7- 9 | 10-12 || total
-------------------------+-------+-------+-------+-------++-------
Melee: Unarmed           |    38 |       |       |       ||    38
       Whip              |    13 |    40 |    64 |    70 ||   187
       Tailslap          |     1 |     2 |     5 |     7 ||    15
Throw: Boomerang         |       |       |     5 |       ||     5
 Cast: Magic Dart        |    39 |    38 |    65 |    16 ||   158
       Searing Ray       |     6 |    25 |    57 |    18 ||   106
       Iskenderun's Myst |       |       |    16 |    16 ||    32
Invok: Call Merchant     |       |       |     1 |       ||     1
  Use: Scroll            |       |    11 |     3 |     5 ||    19
       Potion            |       |       |     2 |       ||     2
 Stab: Sleeping          |       |       |     1 |       ||     1
Armor: Skin              |    12 |    18 |    44 |    23 ||    97
Dodge: Dodged            |    41 |    24 |   104 |    54 ||   223
Block: Buckler           |       |       |       |    16 ||    16
